 Dungeon Crawl Stone Soup version 0.30-a0-509-gd016549fea (webtiles) character file.

Game seed: 16073559175631625499

245 tilp the Shield-Bearer (level 6, -5/52 HPs)
             Began as a Meteoran Fighter on Dec 22, 2022.
             Slain by a killer bee (8 damage)
             ... on level 7 of the Dungeon.
             The game lasted 00:06:11 (1116 turns).

tilp the Shield-Bearer (Meteoran Fighter)           Turns: 1116, Time: 00:06:11

Health: -5/52      AC:  9    Str: 18    XL:     6   Next: 59%
Magic:  7/7        EV: 11    Int: 10    God:
Gold:   158        SH:  5    Dex: 15    Spells: 5/5 levels left

rFire   . . .      SeeInvis .    a - +0 long sword
rCold   . . .      Faith    .    c - +0 buckler
rNeg    . . .      Spirit   .    p - +0 scale mail
rPois   .          Reflect  .    l - +0 helmet
rElec   .          Harm     .    g - +0 cloak
rCorr   .          Rampage  .    (no gloves)
Will    .....                    (no boots)
Stlth   +.........               (no amulet)
HPRegen 0.28/turn                (no ring)
MPRegen 0.10/turn                (no ring)

@: lethally poisoned (-5 -> -9), flying, hasted, glowing, very quick
A: sense surroundings 1, otherworldly, glowing, explore regen
a: no special abilities


You were on level 7 of the Dungeon.
You visited 1 branch of the dungeon, and saw 7 of its levels.

You collected 158 gold pieces.

Inventory:

Hand Weapons
 a - a +0 long sword (weapon)
 b - the +4 dagger of Esepimpo {protect, +Blink Will++ Str+3 Int-3}
   (You found it on level 3 of the Dungeon)

   It grants its wielder temporary protection when it strikes (+7 to AC).
   Str:       It affects your strength (+3).
   Int:       It affects your intelligence (-3).
   +Blink:    It lets you blink.
   Will:      It greatly increases your willpower.
Missiles
 e - 19 stones
 j - 4 curare-tipped darts
 t - 4 poisoned darts (quivered)
 v - 5 boomerangs
Armour
 c - a +0 buckler (worn)
 g - a +0 cloak (worn)
 l - a +0 helmet (worn)
 p - a +0 scale mail (worn)
 q - an orb of light
Jewellery
 m - a ring of wizardry
Wands
 w - a wand of iceblast (1)
Scrolls
 d - 2 scrolls of identify
 s - a scroll of amnesia {unknown}
 u - a scroll of blinking {unknown}
Potions
 k - a potion of invisibility
 r - a potion of curing {unknown}


   Skills:
 - Level 4.0 Fighting
 - Level 4.0 Long Blades
 - Level 4.0 Armour
 - Level 4.0 Dodging
 + Level 1.9 Stealth
 - Level 4.0 Shields


You had 5 spell levels left.
You didn't know any spells.
Your spell library contained the following spells:

 Spells                   Type           Power      Damage    Failure   Level
 Summon Small Mammal      Summ           0%         N/A       83%         1
 Blink                    Tloc           0%         N/A       92%         2
 Ensorcelled Hibernation  Hex/Ice        0%         N/A       92%         2
 Momentum Strike          Conj/Tloc      0%         3d8       92%         2
 Call Canine Familiar     Summ           0%         N/A       99%         3
 Lesser Beckoning         Tloc           0%         N/A       99%         3
 Spider Form              Tmut/Pois      0%         N/A       99%         3
 Summon Guardian Golem    Hex/Summ       0%         N/A       99%         3
 Anguish                  Hex/Necr       0%         N/A       100%        4


Dungeon Overview and Level Annotations

Branches:
Dungeon (7/15) Zot: 3039
 Temple: D:4-7

Altars:
Ashenzari

Shops:
D:1 [


Innate Abilities, Weirdness & Mutations

You passively map a small area around you.
You are easily found by Zot.
You glow in the dark.
You regain HP and MP as you explore.


Message History

You hit the killer bee.
The killer bee is severely wounded.
You feel very sick. The killer bee barely misses you.
You closely miss the killer bee.
The killer bee is severely wounded.
You feel very sick. The killer bee stings you.
The killer bee stings you but does no damage.
You closely miss the killer bee.
The killer bee is severely wounded.
You feel sick. The killer bee stings you.
* * * LOW HITPOINT WARNING * * *
The goblin barely misses you.
You miss the killer bee.
The killer bee is severely wounded.
You feel sick. The killer bee stings you!
* * * LOW HITPOINT WARNING * * *
The killer bee barely misses you.
The goblin hits you from afar with a +0 spear.
* * * LOW HITPOINT WARNING * * *
Unknown command.
You hit the killer bee.
The killer bee is almost dead.
* * * LOW HITPOINT WARNING * * *
You feel sick.
Your butterfly disappears in a burst of colours!
The killer bee barely misses you. The killer bee completely misses you.
The goblin hits you but does no damage.
Unknown command.
* * * LOW HITPOINT WARNING * * *
You feel sick.
You see here a scroll of identify.
Unknown command.
It was a potion of flight.
You feel very buoyant.
You fly up into the air.
* * * LOW HITPOINT WARNING * * *
You feel sick. The killer bee stings you!
You die...

*,*,,*****,,,,**,,,,,,,*,*
*,#..,,,,,,,,....≈≈~~~,,,*
*,#.#*****,*#.#..≈.,,~,,,*
**#### *,#.# *,*.....~g∩,~,*,*
*,,b.# *,#.# *,,.....≈.>,~,*,*
*,*#.# *,#.# *,,.....≈≈~~~,,,*
*,##b###.#.# **,.g.....,,,,***
*,#.bbbbb#.########gy.#********
#b#bb#####.....b@y5h.#*
#b$.bbb.....##########
#b#bb######.# #b#bb# #.# #,#..#
#.# *,#..# #.# *,#..# #.#
*,#..# #.# ,,#..******,*


You could see a black bear, 2 killer bees, a shadow imp and a goblin.

Vanquished Creatures
  A hound (D:3)
  An orc priest (D:4)
  An iguana (D:4)
  2 orc wizards
  3 gnolls (D:5)
  3 adders
  2 dart slugs
  A worm (D:3)
  10 orcs
  4 ball pythons
  An endoplasm (D:4)
  A giant cockroach (D:4)
  A hobgoblin (D:2)
  4 quokkas
  6 goblins
  5 kobolds
  A rat (D:1)
47 creatures vanquished.

Notes
Turn   | Place    | Note
-------+----------+-------------------------------------------
     0 | D:1      | tilp the Meteoran Fighter began the quest for the Orb.
     0 | D:1      | Reached XP level 1. HP: 19/19 MP: 2/2
     6 | D:1      | Found Geptaub's Armour Shoppe.
    87 | D:2      | Reached skill level 1 in Dodging
    87 | D:2      | Reached XP level 2. HP: 26/26 MP: 3/3
   185 | D:2      | Reached XP level 3. HP: 31/31 MP: 4/4
   228 | D:2      | Found a faded altar of an unknown god.
   372 | D:3      | Reached XP level 4. HP: 38/38 MP: 5/5
   478 | D:3      | Reached XP level 5. HP: 26/46 MP: 6/6
   480 | D:3      | Reached skill level 1 in Stealth
   503 | D:3      | Identified the +4 dagger of Esepimpo {protect, +Blink
                  | Will++ Str+3 Int-3}
   563 | D:5      | Entered Level 5 of the Dungeon
   603 | D:6      | Noticed a centaur
   670 | D:4      | Reached XP level 6. HP: 46/52 MP: 7/7
  1037 | D:5      | Found a broken altar of Ashenzari.
  1101 | D:7      | Noticed a black bear
  1116 | D:7      | Slain by a killer bee

Illustrated notes

Levels and vault maps discovered:
D:1:      dpeg_arrival_shelter, layout_loops_ring, serial_shops, shop_coins,
          shop, shop, nicolae_lakefront_shop
D:2:      layout_loops_corners, hellmonk_ecumenical_altar_heavens_door
D:3:      layout_basic, item_on_display_a
D:4:      layout_loops_ring
D:5:      layout_basic, vehumet_crystals, overflow_temple_1_default,
          lemuel_zombie_altar_kikubaaqudgha, lemuel_temple_firewalk_a,
          uniq_edmund
D:6:      layout_gridville, elyvilon_altar_1, feat_on_display
D:7:      layout_loops_ring, kb_xom_exploding_sheep, enter_bailey_5

Skill      XL: |  1  2  3  4  5  6 |
---------------+-------------------+-----
Dodging        | 1 2 3 4 |  4.0
Armour         | 4 |  4.0
Shields        | 4 |  4.0
Long Blades    | 3 4 |  4.0
Stealth        | 1 |  1.9
Fighting       | 4 |  4.0

Action                   |  1- 3 |  4- 6 || total
-------------------------+-------+-------++-------
Melee: Long sword        |    47 |   120 ||   167
Throw: Dart              |       |     2 ||     2
  Use: Potion            |       |     3 ||     3
       Scroll            |       |     4 ||     4
Armor: Scale mail        |    21 |    54 ||    75
Dodge: Dodged            |    17 |    48 ||    65
Block: Buckler           |     7 |    31 ||    38

Table legend: (Time is in decaauts)
 A = Elapsed time spent in this place.
 B = Non-inter-level travel time spent in this place.
 C = Inter-level travel time spent in this place.
 D = Time resting spent in this place.
 E = Time spent auto-exploring this place.
 F = Levels seen in this place.
 G = Mean time per level.
                   A        B        C        D        E       F      G
               +--------+--------+--------+--------+--------+-----+--------+
         Total |   1160 |   1003 |    157 |      0 |      0 |   7 |  165.7 |
       Dungeon |   1160 |   1003 |    157 |      0 |      0 |   7 |  165.7 |
               +--------+--------+--------+--------+--------+-----+--------+

Top non-repeatable levels by time:
     D:4: 528 daAuts
     D:2: 231 daAuts
     D:3: 152 daAuts
     D:5: 118 daAuts
     D:1: 84 daAuts
     D:7: 33 daAuts
     D:6: 12 daAuts
